 Dungeon Crawl Stone Soup version 0.29.1 (webtiles) character file.

Game seed: 17566834354282461283

2333 groovy9 the Cleaver (level 9, 65/65 HPs)
             Began as a Hill Orc Fighter on Sept 14, 2022.
             Was a Follower of Hepliaklqana.
             Quit the game on level 7 of the Dungeon.
             The game lasted 00:24:45 (9313 turns).

groovy9 the Cleaver (Hill Orc Fighter)              Turns: 9313, Time: 00:24:46

Health: 65/65      AC: 15    Str: 29    XL:     9   Next: 42%
Magic:  15/15      EV:  8    Int:  8    God:    Hepliaklqana [*.....]
Gold:   426        SH:  4    Dex: 10    Spells: 8/8 levels left

rFire   . . .      SeeInvis .   p - +1 war axe (freeze)
rCold   . . .      Faith    .   c - +0 buckler
rNeg    . . .      Spirit   .   q - +0 chain mail
rPois   .          Reflect  .   D - +1 hat
rElec   .          Harm     .   a - +0 cloak {Stlth+}
rCorr   .          Rampage  +   (no gloves)
Will    +....                   d - +2 pair of boots {rampage}
Stlth   ..........              s - amulet of magic regeneration
HPRegen 0.20/turn               f - +6 ring of strength
MPRegen 0.54/turn               r - ring of willpower

@: no status effects
A: reduced essence
a: Renounce Religion, Recall Ancestor, Ancestor Identity


You were on level 7 of the Dungeon.
You worshipped Hepliaklqana.
Hepliaklqana was aware of your devotion.
You visited 2 branches of the dungeon, and saw 8 of its levels.

You collected 426 gold pieces.

Inventory:

Hand Weapons
 p - a +1 war axe of freezing (weapon)
Missiles
 l - 17 poisoned darts (quivered)
Armour
 a - a +0 cloak of stealth (worn)
 c - a +0 buckler (worn)
 d - a +2 pair of boots of rampaging (worn)
 q - a +0 chain mail (worn)
 D - a +1 hat (worn)
Jewellery
 f - a +6 ring of strength (left hand)
 i - a ring of positive energy
 j - a ring of poison resistance
 r - a ring of willpower (right hand)
 s - an amulet of magic regeneration (around neck)
 C - a ring of positive energy
Wands
 m - a wand of iceblast (25)
 y - a wand of light (8)
 F - a wand of paralysis (9)
Scrolls
 h - a scroll of enchant armour
 o - a scroll of noise
 u - a scroll of magic mapping
 w - a scroll of torment
 B - a scroll of fear
 E - 3 scrolls of vulnerability {unknown}
Potions
 b - 5 potions of curing
 e - a potion of flight {unknown}
 g - a potion of lignification {unknown}
 k - a potion of heal wounds {unknown}
 n - 4 potions of haste
 t - 3 potions of invisibility
 v - a potion of brilliance {unknown}
 x - a potion of degeneration {unknown}
 z - 2 potions of magic
 A - 2 potions of attraction {unknown}


   Skills:
 + Level 4.9 Fighting
 + Level 12.1 Axes
 + Level 4.4 Armour
 + Level 4.4 Shields
 + Level 8.6 Invocations


You had 8 spell levels left.
You didn't know any spells.
Your spell library contained the following spells:

 Spells                   Type           Power      Damage    Failure   Level
 Apportation              Tloc           0%         N/A       96%         1
 Foxfire                  Conj/Fire      0%         2x1d4     96%         1
 Conjure Flame            Conj/Fire      0%         6-21      100%        3
 Dazzling Flash           Conj/Hex       0%         N/A       100%        3
 Frozen Ramparts          Ice            0%         1d1       100%        3
 Inner Flame              Hex/Fire       0%         N/A       100%        3
 Stone Arrow              Conj/Erth      0%         3d7       100%        3
 Animate Armour           Summ/Erth      0%         N/A       100%        4
 Flame Wave               Conj/Fire      0%         2d4       100%        4
 Ice Form                 Ice/Tmut       0%         N/A       100%        4
 Iskenderun's Mystic Bla  Conj/Tloc      0%         2d3       100%        4
 Summon Ice Beast         Ice/Summ       0%         N/A       100%        4
 Alistair's Intoxication  Tmut/Pois      0%         N/A       100%        5
 Starburst                Conj/Fire      0%         6d3       100%        6
 Lehudib's Crystal Spear  Conj/Erth      0%         10d2      100%        8


Dungeon Overview and Level Annotations

Branches:
Dungeon (7/15)             Temple (1/1) D:7

Altars:
Ashenzari
Cheibriados
Dithmenos
Elyvilon
Hepliaklqana
Kikubaaqudgha
Makhleb
Nemelex Xobeh
Okawaru
Qazlal
Ru
Sif Muna
Uskayaw
Vehumet

Shops:
D:6 :   D:7 ?

Annotations:
D:4 1 runed translucent door, greasedhog's ghost, amateur GnWn


Message History

Found Cuhaom's Magic Scroll Shoppe.
G - a scroll of identify
As you read the scroll of identify, it crumbles to dust.
z - 2 potions of magic You open the door.
There is an open door here.
There is an entrance to Cuhaom's Magic Scroll Shoppe here.
You can access your shopping list by pressing '$'.
There is an open door here.
You swap places.
t - 3 potions of invisibility (gained 1)
You open the door.
Found a broken altar of Ashenzari.
There is an open door here.
You now have 426 gold pieces (gained 19).
You open the door.
There is an open door here.
There is a stone staircase leading down here.
The gnoll shouts!
You hear a shout!
A gnoll bouda comes into view. It is wielding a +0 whip.
You swap places.
The gnoll bouda moves out of view.
There is a stone staircase leading down here.
Simosihle hits the gnoll.
The gnoll hits Simosihle with a +0 vorpal flail.
Simosihle barely misses the gnoll.
The gnoll hits Simosihle with a +0 vorpal flail!
Simosihle barely misses the gnoll.
You rampage towards the gnoll!
You hit the gnoll. You freeze the gnoll.
The gnoll is severely wounded.
You hit the gnoll. You freeze the gnoll.
You kill the gnoll!
No target in view!
No target in view!
No target in view!
No target in view!
No target in view!
No target in view!
No target in view!
No target in view!
Are you sure you want to abandon this character and quit the game? (Confirm with "yes".)

.#...............................
##.......#'#.....................
#.......+∩'.....................
#.......#'#.....................
#..............>................
#..........(.(..................
#.............R.................
#.#############)##.############.
#.# #@##.# #. #.# #.##.# #. #.#
#.##.############. #.#
#.##.#............
#.#############.##.#.###########
#.............#.#...............
#############.#.................
#.###..#.....#####.. #.#
#..#.#####...###


You could see the friendly Simosihle the ancestor.

Vanquished Creatures
  Eustachio (D:5)
  Edmund (D:6)
  A black bear (D:4)
  An ice beast (D:5)
  An orc warrior (D:6)
  The ghost of greasedhog the Trooper, an amateur FoFi of Lugonu (D:3)
  A centaur (D:7)
  An ogre (D:5)
  A phantom (D:6)
  A kobold brigand (D:7)
  2 gnoll sergeants
  A bullfrog (D:7)
  4 scorpions
  A jelly (D:6)
  Crazy Yiuf (D:6)
  6 hounds
  3 orc priests
  8 iguanas
  2 orc wizards
  10 gnolls
  8 adders
  2 shadow imps
  3 white imps
  2 ufetubi (D:5)
  2 worms
  5 dart slugs
  19 orcs
  6 endoplasms
  A giant cockroach (D:4)
  8 goblins
  7 hobgoblins
  14 jackals
  6 quokkas
  6 ball pythons
  11 bats
  3 frilled lizards
  17 kobolds
  8 rats
176 creatures vanquished.

Vanquished Creatures (others)
  24 plants (D:4)
24 creatures vanquished.

Grand Total: 200 creatures vanquished

Notes
Turn   | Place    | Note
-------+----------+-------------------------------------------
     0 | D:1      | groovy9 the Hill Orc Fighter began the quest for the Orb.
     0 | D:1      | Reached XP level 1. HP: 19/19 MP: 1/1
    79 | D:1      | Reached skill level 3 in Axes
   228 | D:1      | Reached skill level 1 in Invocations
   256 | D:1      | Reached XP level 2. HP: 25/26 MP: 2/2
   542 | D:1      | Reached skill level 4 in Axes
   543 | D:1      | Reached XP level 3. HP: 28/31 MP: 4/4
  1146 | D:2      | Found a faded altar of an unknown god.
  1409 | D:2      | Reached XP level 4. HP: 39/39 MP: 5/5
  1632 | D:2      | Reached skill level 5 in Axes
  1904 | D:2      | Found a stormy altar of Qazlal.
  2411 | D:3      | Found a runed translucent door.
  2411 | D:3      | Noticed greasedhog's ghost (amateur FoFi)
  2761 | D:3      | Reached XP level 5. HP: 45/45 MP: 7/7
  2767 | D:3      | Killed greasedhog's ghost
  2768 | D:3      | Reached skill level 6 in Axes
  3194 | D:4      | Reached XP level 6. HP: 44/51 MP: 7/9
  3239 | D:4      | Reached skill level 7 in Axes
  3531 | D:4      | Noticed a black bear
  3539 | D:4      | Killed a black bear
  3540 | D:4      | Reached skill level 8 in Axes
  3540 | D:4      | Reached skill level 5 in Invocations
  3540 | D:4      | Reached XP level 7. HP: 55/57 MP: 10/10
  3573 | D:4      | Found a runed translucent door.
  3576 | D:4      | Noticed greasedhog's ghost (amateur GnWn)
  4162 | D:5      | Entered Level 5 of the Dungeon
  4348 | D:5      | Reached skill level 9 in Axes
  4752 | D:5      | Noticed Eustachio
  4913 | D:5      | Killed Eustachio
  4914 | D:5      | Reached XP level 8. HP: 59/64 MP: 12/12
  5011 | D:5      | Reached skill level 10 in Axes
  5467 | D:5      | Reached skill level 11 in Axes
  6805 | D:6      | Noticed Edmund
  6817 | D:6      | Killed Edmund
  6818 | D:6      | Reached XP level 9. HP: 34/71 MP: 15/15
  7018 | D:6      | Found Tacyafro's Book Emporium.
  7375 | D:6      | Found a runed translucent door.
  7376 | D:6      | Noticed Crazy Yiuf
  7430 | D:6      | Killed Crazy Yiuf
  7648 | D:6      | Found an iron altar of Okawaru.
  8145 | D:6      | Found a snail-covered altar of Cheibriados.
  8471 | D:7      | Found a sacrificial altar of Ru.
  8487 | D:7      | Found a staircase to the Ecumenical Temple.
  8493 | Temple   | Entered the Ecumenical Temple
  8499 | Temple   | Became a worshipper of Hepliaklqana the Forgotten
  8532 | D:7      | Reached skill level 12 in Axes
  9177 | D:7      | Reached * piety under Hepliaklqana
  9187 | D:7      | Found Cuhaom's Magic Scroll Shoppe.
  9252 | D:7      | Found a broken altar of Ashenzari.
  9313 | D:7      | Quit the game

Illustrated notes

Levels and vault maps discovered:
D:1:      ebering_trefoil_twist, layout_basic, nicolae_titane
D:2:      layout_loops_ring, shapermc_ecumenical_altar_venn, basic_altar,
          minmay_misc_feat_chi
D:3:      layout_basic, ebering_ghost_sewer_d
D:4:      layout_basic, ebering_ghost_reflecting_pool,
          hangedman_decor_clover_reticule, nicolae_grassy_gnolls
D:5:      minmay_bubble_buster, layout_cave_pools, lightli_minifort,
          uniq_eustachio
D:6:      layout_basic, mainiacjoe_overflow_boulevard, cheibrodos_worm_habitat,
          serial_shops, nicolae_inconvenience_store, kennysheep_generic_room_16,
          uniq_crazy_yiuf_cottage, uniq_edmund
D:7:      layout_basic, mainiacjoe_overflow_alcove_2,
          mainiacjoe_overflow_surrounded_room, minmay_temple_entry_hall,
          serial_shops, kennysheep_mini_moat
Temple:   compressed_dpeg_triangle_lava_temple

Skill      XL: |  1  2  3  4  5  6  7  8  9 |
---------------+----------------------------+-----
Axes           | 3 4 5 6 8 9 11 12 | 12.1
Invocations    | 1 2 3 4 5 6 8 |  8.6
Fighting       | 4 |  4.9
Armour         | 4 |  4.4
Shields        | 4 |  4.4

Action                   |  1- 3 |  4- 6 |  7- 9 || total
-------------------------+-------+-------+-------++-------
Melee: War axe           |   116 |   145 |   306 ||   567
  Use: Scroll            |       |     5 |    10 ||    15
       Potion            |       |     2 |       ||     2
 Stab: Invisible         |       |       |     1 ||     1
Armor: Scale mail        |    72 |    12 |       ||    84
       Chain mail        |       |    57 |   101 ||   158
Dodge: Dodged            |    72 |    64 |    82 ||   218
Block: Buckler           |    24 |    22 |    50 ||    96
